 Adventure DCSS version bcrawl-1.28.4 (webtiles) character file.

Game seed: 6373450302528942537

114209 Buhirmon the Stinger (level 3, 9/27 HPs)
             Began as an Oni Wizard on Jan 16, 2021.
             Got out of the dungeon alive.
             The game lasted 00:04:44 (713 turns).

Buhirmon the Stinger (Oni Wizard)                    Turns: 713, Time: 00:04:45

Health: 9/27       AC:  2    Str: 10    XL:     3   Next: 0%
Magic:  8/8        EV: 12    Int: 20    God:
Gold:   45         SH:  0    Dex:  9    Spells: 1/6 levels left
                                        Lives:  2   Deaths: 0

rFire    . . .     SeeInvis .   a - +0 staff
rCold    . . .     Gourm    .   (no shield)
rNeg     . . .     Faith    .   b - +0 animal skin
rPois    .         Spirit   .   c - +0 hat
rElec    .         Reflect  .   (no cloak)
rCorr    .         Harm     .   (no gloves)
MR       .....                  (no boots)
Stlth    ++........             (no amulet)
HPRegen  0.09/turn              (no ring)
MPRegen  0.11/turn              (no ring)

@: no status effects
A: oni magic, claws 1, fangs 1, horns 1
a: no special abilities


You escaped.
You were not hungry.

You visited 1 branch of the dungeon, and saw 1 of its levels.

You collected 45 gold pieces.

Inventory:

Hand Weapons
 a - a +0 staff (weapon)
Armour
 b - a +0 animal skin (worn)
 c - a +0 hat (worn)
Jewellery
 g - an uncursed ring of positive energy {unknown}
 j - an uncursed ring of positive energy {unknown}
Scrolls
 i - a scroll of identify
Potions
 f - 2 potions of brilliance
 h - a potion of flight {unknown}
 k - a potion of curing {unknown}
Comestibles
 d - a chunk of flesh
 e - a ration {!d}


   Skills:
 + Level 0.8 Fighting
 + Level 0.5 Staves
 + Level 2.1 Dodging
 + Level 2.0 Stealth
 * Level 2.4 Spellcasting
   Level 2.4 Conjurations
   Level 2.4 Hexes
   Level 2.4 Charms
   Level 2.4 Summonings
   Level 2.4 Necromancy
   Level 2.4 Translocations
   Level 2.4 Transmutations
   Level 2.4 Fire Magic
   Level 2.4 Ice Magic
   Level 2.4 Air Magic
   Level 2.4 Earth Magic
   Level 2.4 Poison Magic


You had one spell level left.
You knew the following spells:

 Your Spells              Type           Power        Failure   Level  Hunger
a - Magic Dart            Conj           ##..         4%          1    None
b - Blink                 Tloc           N/A          7%          2    ##.....
c - Call Imp              Summ           ##....       7%          2    ##.....

Your spell library contained the following spells:

 Spells                   Type           Power        Failure   Level  Hunger
 Apportation              Tloc           ##....       4%          1    None
 Conjure Flame            Conj/Fire      ##......     17%         3    ####...
 Mephitic Cloud           Conj/Pois/Air  ##......     17%         3    ####...
 Spider Form              Tmut/Pois      ##.          17%         3    ####...


Dungeon Overview and Level Annotations

Branches:
Dungeon (1/12)

Altars:


Innate Abilities, Weirdness & Mutations

You learn spells by gaining experience, not through books or religion.
You only train spellcasting to practice magic.
You have sharp fingernails.
You have very sharp teeth.
You have a pair of small horns on your head.


Message History

You kill the jackal!
The jackal closely misses you.
Your Stealth skill increases to level 2!
You hit the jackal.
The jackal is severely wounded.
The jackal bites you.
* * * LOW HITPOINT WARNING * * *
You hit the jackal.
You kill the jackal!
You have reached level 3!
Your experience leads to an increase in your attributes!
Increase (S)trength, (I)ntelligence, or (D)exterity?
You feel clever.
Things that are here:
a jackal corpse x3
Eating one of 2 chunks of flesh.
You eat one of the 2 chunks of flesh.
This raw flesh tastes terrible.
There is a staircase leading out of the dungeon here.
Are you sure you want to leave the Dungeon?
This will make you lose the game!
You have escaped!

#...##############..#
#.#.#...#.###.##....# #####
#.#...#.#...#..#.#### #....
#.#####.###.##.#..# #....
#.##....#....#.##.#####....
#.#..##.#..#......#........
#.####..#..########.###.###
#.##...###.#...#..#.# #.#
#.##.#....@....#.##†# #.#
#.#..#...#.###...##.# #.###
#.########..#..####.# #....
#.#......#..#.##..#.# #####
#.#.##.#....#....#### #....
#.#..#.##.###.##### #.###
#.##.#..#...#.#...# #.#
#....##.###.#...#.#####.#
#..###### #######.......###


There were no monsters in sight!

Vanquished Creatures
  A dart slug (D:1)
  A leopard gecko (D:1)
  A hobgoblin (D:1)
  3 jackals (D:1)
  A ball python (D:1)
  7 bats (D:1)
  A frilled lizard (D:1)
  4 kobolds (D:1)
  A rat (D:1)
20 creatures vanquished.

Vanquished Creatures (collateral kills)
  A ball python (D:1)
1 creature vanquished.

Grand Total: 21 creatures vanquished

Notes
Turn   | Place    | Note
-------+----------+-------------------------------------------
     0 | D:1      | Buhirmon the Oni Wizard began the quest for the Orb.
     0 | D:1      | Reached XP level 1. HP: 14/14 MP: 5/5
   274 | D:1      | Reached XP level 2. HP: 20/20 MP: 5/7
   277 | D:1      | Learned a level 2 spell: Blink
   280 | D:1      | Learned a level 2 spell: Call Imp
   654 | D:1      | Reached XP level 3. HP: 3/27 MP: 8/8
   713 | D:$      | Got out of the dungeon alive.

Skill      XL: |  1  2 |
---------------+-------+-----
Dodging        | 2 |  2.1
Stealth        | 2 |  2.0
Fighting       | |  0.8
Staves         | |  0.5
Spellcasting   | |  2.4
Conjurations   | |  2.4
Hexes          | |  2.4
Charms         | |  2.4
Summonings     | |  2.4
Necromancy     | |  2.4
Translocations | |  2.4
Transmutations | |  2.4
Fire Magic     | |  2.4
Ice Magic      | |  2.4
Air Magic      | |  2.4
Earth Magic    | |  2.4
Poison Magic   | |  2.4

Action                   || total
-------------------------++-------
Melee: Staff             ||    20
       Bite              ||     1
 Cast: Magic Dart        ||    30
       Call Imp          ||     1
 Stab: Sleeping          ||     1
  Eat: Chunk             ||     1
Armor: Animal skin       ||    10
Dodge: Dodged            ||    13
